 Dungeon Crawl Stone Soup version 0.31-a0-659-gc5a091b79a (webtiles) character file.

Game seed: 9802370211302600427

240 Gargoyl the Chopper (level 6, -4/39 HPs)
             Began as a Gargoyle Berserker on Aug 31, 2023.
             Was a Believer of Trog.
             Slain by an ogre
             ... wielding a +0 giant club
              (30 damage)
             ... on level 4 of the Dungeon.
             The game lasted 00:03:00 (2589 turns).

Gargoyl the Chopper (Gargoyle Berserker)            Turns: 2589, Time: 00:03:00

Health: -4/39      AC:  6    Str: 21    XL:     6   Next: 8%
Magic:  6/6        EV: 12    Int:  7    God:    Trog [**....]
Gold:   167        SH:  0    Dex: 11    Spells: 5/5 levels left

rFire   . . .        a - +1 hand axe
rCold   . . .        (no shield)
rNeg    + . .        b - +0 animal skin
rPois   ∞            (no helmet)
rElec   +            (no cloak)
rCorr   .            (no gloves)
SInv    .            (no boots)
Will    ++...        (no amulet)
Stlth   ++           (no ring)
HPRegen 1.26/turn    (no ring)
MPRegen 0.10/turn

%: no passive effects
@: strong-willed, on berserk cooldown, regenerating, slowed, very slow
A: sickness immunity, AC +4, negative energy resistance 1, electricity
resistance, torment resistance 1, petrification resistance
a: Renounce Religion, Berserk, Trog's Hand


You were on level 4 of the Dungeon.
You worshipped Trog.
Trog was pleased with you.
You visited 1 branch of the dungeon, and saw 4 of its levels.

You collected 167 gold pieces.

Inventory:

Hand Weapons
 a - a +1 hand axe (weapon)
Armour
 b - a +0 animal skin (worn)
Scrolls
 g - a scroll of teleportation
Potions
 c - 2 potions of berserk rage
 d - 2 potions of curing
 e - a potion of resistance
 f - a potion of haste {unknown}
 h - a potion of mutation {unknown}


   Skills:
 + Level 4.3 Fighting
 + Level 4.7 Axes
 + Level 2.4 Armour
 + Level 2.5 Dodging
 + Level 1.2 Stealth


You had 5 spell levels left.
You didn't know any spells.
Your spell library was empty.

Dungeon Overview and Level Annotations

Branches:
Dungeon (4/15)
 Temple: D:4-7

Altars:
Fedhas
Kikubaaqudgha
Trog
Uskayaw
Yredelemnul
The Shining One

Annotations:
D:4 Grinder


Innate Abilities, Weirdness & Mutations

You are immune to sickness and miasma.
Your stone body is resilient. (AC +4)
You are immune to poison.
You resist negative energy. (rN+)
You are resistant to electric shocks. (rElec)
You are resistant to unholy torment.
You are immune to petrification.


Message History

The black bear is heavily wounded.
The black bear bites you. The black bear claws you.
The black bear claws you but does no damage.
You closely miss the black bear.
The black bear is heavily wounded.
The black bear closely misses you. The black bear barely misses you.
The black bear claws you.
You hit the black bear.
The black bear is severely wounded.
You hit the black bear.
The black bear is almost dead.
The black bear goes berserk!
You barely miss the black bear.
The black bear is almost dead.
The black bear bites you.
The black bear claws you but does no damage.
The black bear barely misses you.
You slash the black bear!
You kill the black bear!
Trog accepts your kill.
You have reached level 6!
You feel a strong urge to attack something.
You are no longer berserk.
You are exhausted.
You feel yourself slow down.
A gnoll and an ogre come into view.
The gnoll shouts!
The ogre shouts!
You hear a shout!
A gnoll comes into view. It is wielding a +0 flail.
The gnoll moves out of view.
Grinder comes into view.
Your skin crawls.
You feel strong-willed.
You hit the ogre.
The ogre is moderately wounded.
Grinder blinks!
The ogre hits you with a +0 giant club!
You hit the ogre.
The ogre is moderately wounded.
The ogre hits you with a +0 giant club!!
Ouch! That really hurt!
You die...

#.#######.##########
# ###(#####
#.......# #.#.###.#
#.#.## # #..##.# #
#.....#
..###.#.###.#
.....gO@# #
.####g#.# #.#.. .
###. ## .# #


You could see an ogre and 2 gnolls.

Vanquished Creatures
  A black bear (D:4)
  A hound (D:4)
  An iguana (D:3)
  2 adders
  A worm (D:2)
  3 dart slugs
  6 orcs
  9 ball pythons
  6 bats
  5 endoplasms
  A giant cockroach (D:1)
  2 goblins
  6 hobgoblins
  3 jackals (D:1)
  4 kobolds
  2 quokkas
  A frilled lizard (D:1)
  8 rats
62 creatures vanquished.

Notes
Turn   | Place    | Note
-------+----------+-------------------------------------------
     0 | D:1      | Gargoyl the Gargoyle Berserker began the quest for the Orb.
     0 | D:1      | Reached XP level 1. HP: 14/14 MP: 1/1
    93 | D:1      | Reached XP level 2. HP: 11/19 MP: 2/2
   856 | D:1      | Reached XP level 3. HP: 24/24 MP: 3/3
  1002 | D:2      | Reached ** piety under Trog
  1438 | D:3      | Reached XP level 4. HP: 22/29 MP: 4/4
  1588 | D:3      | Identified the +0 leather armour of the Depths {Stlth+}
  1646 | D:3      | Found a basalt altar of Yredelemnul.
  1664 | D:3      | Found an ancient bone altar of Kikubaaqudgha.
  1664 | D:3      | Found a glowing golden altar of the Shining One.
  1676 | D:3      | Found a hide-covered altar of Uskayaw.
  1695 | D:3      | Found a bloodstained altar of Trog.
  1905 | D:3      | Found a blossoming altar of Fedhas.
  2348 | D:4      | Reached XP level 5. HP: 31/33 MP: 5/5
  2482 | D:4      | Reached skill level 1 in Stealth
  2569 | D:4      | Noticed a black bear
  2581 | D:4      | Killed a black bear
  2582 | D:4      | Reached XP level 6. HP: 39/39 MP: 6/6
  2586 | D:4      | Noticed Grinder
  2589 | D:4      | Slain by an ogre

Illustrated notes

Levels and vault maps discovered:
D:1:      saegor_arrival_simple_a, layout_basic
D:2:      layout_rooms
D:3:      layout_basic, fedhas_altar_4, minmay_overflow_temple_star_hex,
          nicolae_underground_beach
D:4:      layout_loops_cross, uniq_grinder

Skill      XL: |  1  2  3  4  5 |
---------------+----------------+-----
Axes           | 3 4 |  4.7
Fighting       | 4 |  4.3
Dodging        | 2 |  2.5
Stealth        | 1 |  1.2
Armour         | |  2.4

Action                     |  1- 3 |  4- 6 || total
---------------------------+-------+-------++-------
  Melee: Hand axe          |   105 |    88 ||   193
         Punch             |     2 |       ||     2
 Invoke: Berserk           |     2 |     1 ||     3
         Trog's Hand       |       |     1 ||     1
    Use: Scroll            |     6 |     2 ||     8
         Potion            |     1 |       ||     1
 Armour: Animal skin       |    74 |    60 ||   134
  Dodge: Dodged            |   102 |    50 ||   152

Table legend: (Time is in decaauts)
 A = Elapsed time spent in this place.
 B = Non-inter-level travel time spent in this place.
 C = Inter-level travel time spent in this place.
 D = Time resting spent in this place.
 E = Time spent auto-exploring this place.
 F = Levels seen in this place.
 G = Mean time per level.
                   A        B        C        D        E       F      G
               +--------+--------+--------+--------+--------+-----+--------+
         Total |   2628 |   2529 |     99 |     77 |   1862 |   4 |  657.0 |
       Dungeon |   2628 |   2529 |     99 |     77 |   1862 |   4 |  657.0 |
               +--------+--------+--------+--------+--------+-----+--------+

Top non-repeatable levels by time:
     D:1: 976 daAuts
     D:3: 944 daAuts
     D:2: 437 daAuts
     D:4: 269 daAuts
